 Dungeon Crawl Stone Soup version 0.29.1-15-g9cfb28693d (webtiles) character file.

Game seed: 11816985793752556761

16 Heoruswealwe the Caller (level 2, 0/15 HPs)
             Began as a Deep Elf Summoner on Feb 21, 2023.
             Slain by a quokka (1 damage)
             ... on level 1 of the Dungeon.
             The game lasted 00:05:31 (466 turns).

Heoruswealwe the Caller (Deep Elf Summoner)          Turns: 466, Time: 00:05:32

Health: 0/15       AC:  2    Str:  5    XL:     2   Next: 37%
Magic:  8/8        EV: 12    Int: 19    God:
Gold:   0          SH:  0    Dex: 15    Spells: 7/8 levels left

rFire   . . .      SeeInvis .   h - +0 spear
rCold   . . .      Faith    .   (no shield)
rNeg    . . .      Spirit   .   a - +0 robe
rPois   .          Reflect  .   (no helmet)
rElec   .          Harm     .   (no cloak)
rCorr   .          Rampage  .   (no gloves)
Will    .....                   (no boots)
Stlth   ++........              (no amulet)
HPRegen 0.05/turn               (no ring)
MPRegen 0.11/turn               (no ring)

@: no status effects
A: no striking features
a: no special abilities


You were on level 1 of the Dungeon.
You visited 1 branch of the dungeon, and saw 1 of its levels.

Inventory:

Hand Weapons
 f - a +0 sling
 g - a +0 club
 h - a +0 spear (weapon)
 i - a +0 club
 l - a +0 short sword
Missiles
 c - 16 stones
Armour
 a - a +0 robe (worn)
Scrolls
 d - a scroll of butterflies {unknown}
 e - a scroll of teleportation {unknown}
 j - 3 scrolls of identify {unknown}
Potions
 b - a potion of magic
 k - a potion of curing {unknown}


   Skills:
 - Level 2.4 Dodging
 - Level 2.4 Stealth
 + Level 3.7 Spellcasting
 + Level 4.7 Summonings


You had 7 spell levels left.
You knew the following spells:

 Your Spells              Type           Power      Damage    Failure   Level
a - Summon Small Mammal   Summ           84%        N/A       1%          1

Your spell library contained the following spells:

 Spells                   Type           Power      Damage    Failure   Level
 Call Imp                 Summ           21%        N/A       3%          2
 Call Canine Familiar     Summ           21%        N/A       6%          3
 Summon Guardian Golem    Hex/Summ       12%        N/A       16%         3
 Summon Lightning Spire   Summ/Air       12%        N/A       47%         4


Dungeon Overview and Level Annotations

Branches:
Dungeon (1/15)

Altars:


Message History

An endoplasm comes into view.
Casting: Summon Small Mammal (safe; 1% risk of failure)
Confirm with . or Enter, or press ? or * to list all spells.
Your quokka bites the endoplasm!
The endoplasm dies!
A kobold comes into view. It is wielding a +0 short sword.
The kobold throws a stone.
The stone hits you.
Your quokka bites the kobold.
The kobold dies!
A quokka comes into view.
You swap places.
Things that are here:
a +0 short sword; a stone
l - a +0 short sword;
c - 16 stones (gained 1)
Your quokka bites the quokka but does no damage.
The quokka completely misses your quokka.
Your quokka closely misses the quokka.
The quokka closely misses your quokka.
Your quokka bites the quokka but does no damage.
The quokka barely misses your quokka.
Your quokka closely misses the quokka.
Your quokka disappears in a puff of smoke!
You closely miss the quokka. The quokka bites you. The quokka misses you.
You closely miss the quokka. The quokka bites you.
You hit the quokka.
The quokka is heavily wounded.
The quokka bites you.
* * * LOW HITPOINT WARNING * * *
You closely miss the quokka.
The quokka is heavily wounded.
The quokka barely misses you. The quokka misses you.
You hit the quokka.
The quokka is almost dead.
The quokka closely misses you.
You barely miss the quokka.
The quokka is almost dead.
The quokka bites you.
* * * LOW HITPOINT WARNING * * *
You closely miss the quokka.
The quokka is almost dead.
The quokka bites you.
You die...

............+......
####..............
...........~.~.#
#########..~⌠..#
#...~~.# ####
##.....# ...#
#.....####### ...#
#####.#.....# ...#
#..@....# ...#
###r....# ...#
#.....# ...#
###.### ...########
... ..........##
.... #######....#
.... # ### #....#
#.#. ###.###....#


You could see a quokka.

Vanquished Creatures
  A quokka (D:1)
1 creature vanquished.

Vanquished Creatures (collateral kills)
  4 ball pythons (D:1)
  2 bats (D:1)
  3 endoplasms (D:1)
  A giant cockroach (D:1)
  A goblin (D:1)
  2 kobolds (D:1)
13 creatures vanquished.

Grand Total: 14 creatures vanquished

Notes
Turn   | Place    | Note
-------+----------+-------------------------------------------
     0 | D:1      | Heoruswealwe the Deep Elf Summoner began the quest for the
                  | Orb.
     0 | D:1      | Reached XP level 1. HP: 10/10 MP: 6/6
   148 | D:1      | Reached XP level 2. HP: 12/15 MP: 5/8
   466 | D:1      | Slain by a quokka

Illustrated notes

Levels and vault maps discovered:
D:1:      minmay_arrival_jagged, layout_basic, hex_large,
          chequers_serial_rivers_micro_e, grunt_decor_one_mirror,
          corexii_leaking_fountain

Action                   || total
-------------------------++-------
Melee: Spear             ||    11
 Cast: Summon Small Mamm ||    15
Armor: Robe              ||     3
Dodge: Dodged            ||    14
